 Dungeon Crawl Stone Soup version 0.22-a0-259-gdd11e71 (webtiles) character file.

25 tidbits the Insei (level 3, -1/28 HPs)
             Began as a Gnoll Transmuter on Mar 5, 2018.
             Slain by a kobold
             ... wielding a +3 dagger
              (5 damage)
             ... on level 3 of the Dungeon.
             The game lasted 00:01:47 (230 turns).

tidbits the Insei (Gnoll Transmuter)                 Turns: 230, Time: 00:01:47

Health: -1/28      AC:  2    Str: 12    XL:     3   Next: 4%
Magic:  3/9        EV: 14    Int: 16    God:
Gold:   44         SH:  0    Dex: 15    Spells: 8/11 levels left

rFire    . . .     SeeInvis .     - Unarmed
rCold    . . .     Gourm    .   (no shield)
rNeg     . . .     Faith    .   b - +0 robe
rPois    .         Spirit   .   (no helmet)
rElec    .         Reflect  .   (no cloak)
rCorr    .         Harm     .   (no gloves)
MR       .....                  (boots currently unavailable)
Stlth    ++........             (no amulet)
HPRegen  0.09/turn              (no ring)
MPRegen  0.11/turn              (no ring)

@: appendage (expiring)
A: distributed training, fangs 1, talons 3, strong nose
a: End Transformation


You were on level 3 of the Dungeon.
You were not hungry.
You had grown temporary talons.
You visited 1 branch of the dungeon, and saw 3 of its levels.

You collected 44 gold pieces.

Inventory:

Missiles
 a - 18 arrows
Armour
 b - a +0 robe (worn)
Scrolls
 g - a scroll of identify {unknown}
Potions
 c - a potion of flight {unknown}
 e - a potion of magic {unknown}
 f - a potion of resistance {unknown}
 h - a potion of heal wounds {unknown}
Comestibles
 d - 3 rations


   Skills:
 + Level 2.5 Fighting
 + Level 0.5 Short Blades
 + Level 0.5 Long Blades
 + Level 0.5 Axes
 + Level 0.5 Maces & Flails
 + Level 0.5 Polearms
 + Level 0.5 Staves
 + Level 0.5 Slings
 + Level 0.5 Bows
 + Level 0.5 Crossbows
 + Level 0.5 Throwing
 + Level 0.5 Armour
 + Level 4.5 Dodging
 + Level 0.5 Stealth
 + Level 0.5 Shields
 + Level 6.5 Unarmed Combat
 + Level 4.9 Spellcasting
 + Level 0.4 Conjurations
 + Level 0.4 Hexes
 + Level 0.4 Charms
 + Level 0.4 Summonings
 + Level 0.4 Necromancy
 + Level 0.4 Translocations
 + Level 3.7 Transmutations
 + Level 0.4 Fire Magic
 + Level 0.4 Ice Magic
 + Level 0.4 Air Magic
 + Level 0.4 Earth Magic
 + Level 0.4 Poison Magic
 + Level 0.7 Invocations
 + Level 0.5 Evocations


You had 8 spell levels left.
You knew the following spells:

 Your Spells              Type           Power        Failure   Level  Hunger
e - Beastly Appendage     Tmut           ###...       3%          1    None
k - Sticks to Snakes      Tmut           ###.....     4%          2    ##.....


Dungeon Overview and Level Annotations

Branches:
Dungeon (3/15)

Altars:


Innate Abilities, Weirdness & Mutations

Your experience applies equally to all skills.
You have very sharp teeth.
Your uncanny sense of smell can sniff out nearby items.
You have claws for feet.


Message History

Your transformation is almost over.
Things that are here:
a frilled lizard corpse; a leopard gecko corpse You see here a scroll labeled SENLUA PAGOSU.
g - a scroll labeled SENLUA PAGOSU
Found an escape hatch in the ceiling.
You see here a smoky yellow potion.
h - a smoky yellow potion Your talons disappear.
Things that are here:
a frilled lizard corpse; a leopard gecko corpse
There is a stone staircase leading down here.
You climb downwards.
There is a stone staircase leading up here.
Unknown command.
You see here a ration.
d - 3 rations (gained 1)
A frilled lizard comes into view.
Casting: Beastly Appendage (safe; 3% risk of failure)
Confirm with . or Enter, or press ? or * to list all spells.
Your feet morph into talons.
The helpless frilled lizard fails to defend itself.
You hit the frilled lizard.
You kill the frilled lizard!
You see here a frilled lizard corpse.
A bat and an adder come into view.
The bat closely misses you.
You punch the bat!
You kill the bat!
The adder hisses angrily.
You see here a bat corpse.
Found 18 bolts.
A kobold comes into view. It is wielding an enchanted dagger.
Casting: Beastly Appendage (safe; 3% risk of failure)
Confirm with . or Enter, or press ? or * to list all spells.
You create a snake!
You now have 19 arrows.
The kobold shouts!
The adder closely misses you.
You see here a bat corpse.
The adder bites your ball python.
Your transformation is almost over.
Your ball python completely misses the adder.
Your ball python barely misses the adder.
The adder bites your ball python.
Your ball python is poisoned.
The adder poisons your ball python!
Your ball python completely misses the adder.
Your ball python grabs the adder.
Your ball python constricts the adder.
The adder bites your ball python.
Your ball python dies!
You see here a frilled lizard corpse.
Casting: Sticks to Snakes (safe; 5% risk of failure)
Confirm with . or Enter, or press ? or * to list all spells.
You extend your transformation's duration.
Casting: Beastly Appendage (safe; 3% risk of failure)
Confirm with . or Enter, or press ? or * to list all spells.
You create a snake!
You now have 18 arrows.
The adder closely misses you.
Your ball python barely misses the adder.
Your ball python misses the adder.
You punch the adder! Your kick misses the adder.
You bite the adder, but do no damage.
The adder is almost dead.
The adder barely misses you.
Your ball python completely misses the adder.
Your ball python barely misses the adder.
You closely miss the adder.
The adder is almost dead.
The adder completely misses you.
Your ball python bites the adder but does no damage.
Your ball python barely misses the adder.
You closely miss the adder.
The adder is almost dead.
The adder closely misses you.
Your ball python bites the adder.
Your ball python closely misses the adder.
You barely miss the adder. Your kick misses the adder.
The adder is almost dead.
The adder barely misses you.
Your ball python bites the adder.
The adder dies!
You have reached level 3!
Your experience leads to an increase in your attributes!
Increase (S)trength, (I)ntelligence, or (D)exterity?
You feel clever.
The kobold throws a stone.
The stone barely misses you. The kobold hits you but does no damage.
You see here an adder corpse.
The kobold hits you with an enchanted dagger!
* * * LOW HITPOINT WARNING * * *
You barely miss the kobold.
Your transformation is almost over.
Your ball python closely misses the kobold.
Your ball python grabs the kobold.
Your ball python constricts the kobold.
The kobold hits you with an enchanted dagger.
* * * LOW HITPOINT WARNING * * *
You hit the kobold but do no damage.
Your ball python bites the kobold but does no damage.
Your ball python constricts the kobold.
The kobold closely misses you.
You hit the kobold but do no damage. Your kick misses the kobold.
Your ball python bites the kobold.
Your ball python constricts the kobold.
The kobold hits you with an enchanted dagger.
You die...

#.......#
#.......#
#.......#
#......<####
#..........#
#.......##.####
#####.†###..(.#
##.# ####S## ∆
#<######K@#
#......##†#
#......##.#
#......##.####
#......##.†..#
#......#####..#
#......# #K#
#......# ...
#......# (#.


You could see a kobold and a friendly ball python.

Vanquished Creatures
  An adder (D:3)
  A leopard gecko (D:2)
  2 goblins (D:2)
  A hobgoblin (D:2)
  A bat (D:3)
  2 frilled lizards
8 creatures vanquished.

Vanquished Creatures (collateral kills)
  An adder (D:3)
1 creature vanquished.

Grand Total: 9 creatures vanquished

Notes
Turn   | Place    | Note
-------+----------+-------------------------------------------
     0 | D:1      | tidbits the Gnoll Transmuter began the quest for the Orb.
     0 | D:1      | Reached XP level 1. HP: 17/17 MP: 6/6
   136 | D:3      | Reached XP level 2. HP: 14/23 MP: 5/7
   140 | D:3      | Learned a level 2 spell: Sticks to Snakes
   224 | D:3      | Reached XP level 3. HP: 15/28 MP: 3/9
   230 | D:3      | Slain by a kobold

Vault maps used:
D:1:      nicolae_arrival_memento_mori
D:2:      uniq_crazy_yiuf_cottage
D:3:      first_ration, kennysheep_orc_chapel

Action                   || total
-------------------------++-------
Melee: Unarmed           ||    33
       Kick              ||     2
       Bite              ||     2
 Cast: Beastly Appendage ||     7
       Sticks to Snakes  ||     2
 Stab: Sleeping          ||     1
Armor: Robe              ||     3
Dodge: Dodged            ||    22

Table legend:
 A = Spawn XP
 B = Non-spawn XP
 C = Spawn XP percentage of total XP
 D = Spawn monster count
 E = Non-spawn monster count
 F = Spawn count percentage of total count
 G = Total turns spent on level
                    A         B        C        D         E        F      G
               +---------+---------+-------+---------+---------+-------+---------
         Total |       0 |      36 |   0.0 |       0 |       9 |   0.0 |   230
               +---------+---------+-------+---------+---------+-------+---------
           D:2 |       0 |      10 |   0.0 |       0 |       5 |   0.0 |   119
           D:3 |       0 |      26 |   0.0 |       0 |       4 |   0.0 |    73
               +---------+---------+-------+---------+---------+-------+---------

Table legend:
 A = Turns spent in this place as a percentage of turns spent in the entire game.
 B = Non-inter-level travel turns spent in this place as a percentage of non-inter-level travel turns spent in the entire game.
 C = Inter-level travel turns spent in this place as a percentage of turns spent in this place.
 D = Turns resting spent in this place as a percentage of non-inter-level travel turns spent in this place.
 E = Turns spent auto-exploring this place as a percentage of non-inter-level travel turns spent in this place.
 F = Non-inter-level travel turns spent in this place divided by the number of levels of this place that you've seen.
                   A       B       C       D       E      F
               +-------+-------+-------+-------+-------+----------------------
         Total | 100.0 | 100.0 |   0.0 |   0.0 |   0.0 |  76.7
       Dungeon | 100.0 | 100.0 |   0.0 |   0.0 |   0.0 |  76.7
               +-------+-------+-------+-------+-------+----------------------

Table legend:
 A = Kills in this place as a percentage of kills in entire the game.
 B = Kills by you in this place as a percentage of kills by you in the entire game.
 C = Kills by friends in this place as a percentage of kills by friends in the entire game.
 D = Other kills in this place as a percentage of other kills in the entire game.
 E = Experience gained in this place as a percentage of experience gained in the entire game.
 F = Experience gained in this place divided by the number of levels of this place that you have seen.
                   A       B       C       D       E      F
               +-------+-------+-------+-------+-------+----------------------
         Total | 100.0 | 100.0 | 100.0 |   N/A | 100.0 |  12.0
       Dungeon | 100.0 | 100.0 | 100.0 |   N/A | 100.0 |  12.0
               +-------+-------+-------+-------+-------+----------------------

Vault maps used:
D:1:      nicolae_arrival_memento_mori
D:2:      uniq_crazy_yiuf_cottage
D:3:      first_ration, kennysheep_orc_chapel
